 Dungeon Crawl Stone Soup version 0.31-a0-489-g282fc92437 (webtiles) character file.

Game seed: 1766649536989975381

65 Morbidden the Conjurer (level 3, -1/25 HPs)
             Began as a Demonspawn Conjurer on Aug 8, 2023.
             Slain by an orc
             ... wielding a +0 flail
              (8 damage)
             ... on level 4 of the Dungeon.
             The game lasted 00:01:27 (1325 turns).

Morbidden the Conjurer (Demonspawn Conjurer)        Turns: 1325, Time: 00:01:28

Health: -1/25      AC:  2    Str:  7    XL:     3   Next: 92%
Magic:  0/6        EV: 12    Int: 21    God:
Gold:   115        SH:  4    Dex: 11    Spells: 3/6 levels left

rFire   . . .        a - +0 dagger
rCold   . . .        (no shield)
rNeg    . . .        b - +0 robe
rPois   .            (no helmet)
rElec   .            (no cloak)
rCorr   .            (no gloves)
SInv    +            (no boots)
Will    .....        (no amulet)
Stlth   ++           f - ring of see invisible
HPRegen 0.24/turn    (no ring)
MPRegen 0.10/turn

%: no passive effects
@: no status effects
A: large bone plates 1
a: no special abilities


You were on level 4 of the Dungeon.
You visited 1 branch of the dungeon, and saw 3 of its levels.

You collected 115 gold pieces.

Inventory:

Hand Weapons
 a - a +0 dagger (weapon)
Missiles
 m - 4 javelins
Armour
 b - a +0 robe (worn)
Jewellery
 f - a ring of see invisible (left hand)
Scrolls
 e - a scroll of amnesia {unknown}
 h - a scroll of enchant armour {unknown}
 i - a scroll of teleportation {unknown}
 k - 2 scrolls of identify {unknown}
 l - 3 scrolls of immolation {unknown}
Potions
 c - a potion of curing
 d - a potion of ambrosia {unknown}
 g - a potion of berserk rage {unknown}
 j - a potion of invisibility {unknown}


   Skills:
 * Level 0.9 Fighting
 * Level 0.4 Armour
 * Level 2.0 Dodging
 + Level 2.0 Stealth
 * Level 2.2 Spellcasting
 * Level 4.9 Conjurations


You had 3 spell levels left.
You knew the following spells:

 Your Spells              Type           Power      Damage    Failure   Level
a - Magic Dart            Conj           92%        1d7       1%          1
b - Searing Ray           Conj           46%        2d6       2%          2

Your spell library contained the following spells:

 Spells                   Type           Power      Damage    Failure   Level
 Dazzling Flash           Conj/Hex       24%        N/A       16%         3
 Fulminant Prism          Conj/Hex       6%         3d7       45%         4
 Iskenderun's Mystic Bla  Conj/Tloc      12%        2d5       45%         4


Dungeon Overview and Level Annotations

Branches:
Dungeon (4/15)
 Temple: D:4-7

Altars:
Ru


Innate Abilities, Weirdness & Mutations

You are partially covered in large bone plates. (SH +4)


Message History

The orc is heavily wounded.
The orc hits you with a +0 flail!
Unknown command.
You are too injured to fight recklessly!
Unknown command.
You are too injured to fight recklessly!
Casting: Magic Dart (safe; 1% risk of failure)
Confirm with . or Enter, or press ? or * to list all spells.
Aiming: Magic Dart (safe; 1% risk of failure)
Press: ? - help, Shift-Dir - straight line, f/p - orc
Aim: an orc, wielding a +0 flail and wearing a +0 chain mail (heavily wounded, 100% to hit)
The magic dart hits the orc.
The orc is almost dead.
The orc hits you with a +0 flail.
* * * LOW HITPOINT WARNING * * *
Casting: Magic Dart (safe; 1% risk of failure)
Confirm with . or Enter, or press ? or * to list all spells.
You don't have enough magic to cast this spell.
Unknown command.
Casting: Magic Dart (safe; 1% risk of failure)
Confirm with . or Enter, or press ? or * to list all spells.
You don't have enough magic to cast this spell.
Unknown command.
You are too injured to fight recklessly!
You are too injured to fight recklessly!
Unknown command.
You hit the orc but do no damage.
The orc is almost dead.
You block the orc's attack.
Unknown command.
Unknown command.
You hit the orc but do no damage.
The orc is almost dead.
You block the orc's attack.
Unknown command.
Unknown command.
You barely miss the orc.
The orc is almost dead.
The orc hits you with a +0 flail!
You die...

##...........#.......
#....................
#.................#
#................#
#................#
#...............##
#................#
#......o.......#
####..@..........
####.......#..
#.......# .
#........# ##.......#
....... #.$... .....


You could see an orc.

Vanquished Creatures
  Natasha (D:2)
  An adder (D:2)
  A dart slug (D:2)
  3 ball pythons (D:1)
  A bat (D:2)
  An endoplasm (D:1)
  2 giant cockroaches (D:1)
  5 goblins
  4 hobgoblins
  A quokka (D:1)
  2 frilled lizards (D:1)
  4 kobolds
  2 rats
28 creatures vanquished.

Notes
Turn   | Place    | Note
-------+----------+-------------------------------------------
     0 | D:1      | Morbidden the Demonspawn Conjurer began the quest for the
                  | Orb.
     0 | D:1      | Reached XP level 1. HP: 13/13 MP: 3/3
    17 | D:1      | Found a faded altar of an unknown god.
   276 | D:1      | Gained mutation: You are partially covered in large bone
                  | plates. (SH +4) [demonic ancestry]
   276 | D:1      | Reached XP level 2. HP: 17/19 MP: 0/5
   391 | D:1      | Learned a level 2 spell: Searing Ray
   805 | D:2      | Reached XP level 3. HP: 25/25 MP: 1/6
  1076 | D:2      | Found a sacrificial altar of Ru.
  1232 | D:2      | Noticed Natasha
  1237 | D:2      | Killed Natasha
  1297 | D:2      | You fall into a shaft and drop 2 floors!
  1325 | D:4      | Slain by an orc

Illustrated notes

Levels and vault maps discovered:
D:1:      amcnicky_arrival_choice, layout_basic, shapermc_ecumenical_altar_gd
D:2:      layout_basic, basic_altar, uniq_natasha
D:4:      layout_cave_pods, nicolae_uskayaw_dance_hall,
          mainiacjoe_overflow_catch_the_wave, minmay_temple_entry_glass

Skill      XL: |  1  2  3 |
---------------+----------+-----
Dodging        | 2 |  2.0
Stealth        | 2 |  2.0
Fighting       | |  0.9
Armour         | |  0.4
Spellcasting   | |  2.2
Conjurations   | |  4.9

Action                     || total
---------------------------++-------
  Melee: Unarmed           ||    20
         Dagger            ||     9
   Cast: Magic Dart        ||    52
    Use: Potion            ||     2
 Armour: Robe              ||     5
  Dodge: Dodged            ||    19
  Block: Other             ||     5

Table legend: (Time is in decaauts)
 A = Elapsed time spent in this place.
 B = Non-inter-level travel time spent in this place.
 C = Inter-level travel time spent in this place.
 D = Time resting spent in this place.
 E = Time spent auto-exploring this place.
 F = Levels seen in this place.
 G = Mean time per level.
                   A        B        C        D        E       F      G
               +--------+--------+--------+--------+--------+-----+--------+
         Total |   1323 |   1270 |     53 |      0 |   1095 |   3 |  441.0 |
       Dungeon |   1323 |   1270 |     53 |      0 |   1095 |   3 |  441.0 |
               +--------+--------+--------+--------+--------+-----+--------+

Top non-repeatable levels by time:
     D:1: 784 daAuts
     D:2: 511 daAuts
     D:4: 27 daAuts
